 Dungeon Crawl Stone Soup version 0.22-a0-231-g75390ab (webtiles) character file.

20 Einwand the Charmwright (level 2, 15/15 HPs)
             Began as a Vine Stalker Skald on May 27, 2018.
             Got out of the dungeon alive.
             The game lasted 00:01:21 (395 turns).

Einwand the Charmwright (Vine Stalker Skald)         Turns: 395, Time: 00:01:21

Health: 15/15      AC:  3    Str: 13    XL:     2   Next: 79%
Magic:  6/6        EV: 12    Int: 13    God:
Gold:   40         SH:  0    Dex: 13    Spells: 4/5 levels left

rFire    . . .     SeeInvis .   i - -2 spear (curse)
rCold    . . .     Gourm    .   (no shield)
rNeg     . . .     Faith    .   b - +0 leather armour
rPois    .         Spirit   +   (no helmet)
rElec    .         Reflect  .   (no cloak)
rCorr    .         Harm     .   (no gloves)
MR       .....                  (no boots)
Stlth    +.........             (no amulet)
HPRegen  0.05/turn              (no ring)
MPRegen  0.10/turn              (no ring)

@: no status effects
A: fangs 2, magic shield, antimagic bite, no device heal 3, rot immunity
a: no special abilities


You escaped.
You were not hungry.

You visited 1 branch of the dungeon, and saw 1 of its levels.

You collected 40 gold pieces.

Inventory:

Hand Weapons
 a - a +0 spear
 i - a cursed -2 spear (weapon)
Armour
 b - a +0 leather armour (worn)
Potions
 f - a potion of might {unknown}
 h - 3 potions of haste {unknown}
Books
 c - a book of Battle

   Spells                             Type                      Level
   a - Infusion                       Charms                       1
   b - Shroud of Golubria             Charms/Translocation         2
   c - Song of Slaying                Charms                       2
   d - Spectral Weapon                Hexes/Charms                 3
   e - Regeneration                   Charms/Necromancy            3
Comestibles
 d - 3 rations
 g - a chunk of flesh


   Skills:
 + Level 2.2 Fighting
 + Level 2.2 Polearms
 - Level 0.7 Armour
 - Level 2.0 Dodging
 - Level 2.1 Spellcasting
 - Level 3.0 Charms


You had 4 spell levels left.
You knew the following spells:

 Your Spells              Type           Power        Failure   Level  Hunger
a - Infusion              Chrm           #...         10%         1    ##.....


Dungeon Overview and Level Annotations

Branches:
Dungeon (1/15)

Altars:


Innate Abilities, Weirdness & Mutations

You have extremely sharp teeth.
When hurt, damage is shared between your health and your magic reserves.
Your bite disrupts and absorbs the magic of your enemies.
Devices cannot restore your health.
You are immune to rotting.


Message History

You see here a glowing spear.
i - a glowing spear Wear which item? (? for menu, Esc to quit)
Okay, then.
Wield which item (- for none, * to show all)? (? for menu, Esc to quit)
It sticks to your hand!
i - a cursed -2 spear (weapon)
As you read the scroll labeled CYNWOX WOFIW, it crumbles to dust.
You feel strangely unstable.
It was a scroll of teleportation.
Your surroundings suddenly seem different.
Search for what [? for help]? exit Can't find anything matching that.
Search for what [Enter for "exit", or ? for help]? surface Can't find anything matching that.
Sorry, I don't know how to get there.
Health restored: 15 You see here a glowing short sword.
There is a staircase leading out of the dungeon here.
Are you sure you want to leave the Dungeon?
This will make you lose the game!
You have escaped!

# #.# #..#########
###.# #..#### .##.##
##.)...#
#....###.####.#
#####...## # # #####
# ### ##### #>.
.###.@.## #.#
#.##.....## #.#
#.#.#8≈8#)# ###.#####
#.#.#≈≈≈#.# ..†.....#
#.#.#8≈8#.# #.###
###.###.###.#.#≈≈≈#.#
#....
............#.#8≈8#.#
#####
###.........##.....##
#####.###.####.###


There were no monsters in sight!

Vanquished Creatures
  2 dart slugs (D:1)
  A leopard gecko (D:1)
  2 bats (D:1)
  3 goblins (D:1)
  2 kobolds (D:1)
  3 frilled lizards (D:1)
  2 rats (D:1)
15 creatures vanquished.

Notes
Turn   | Place    | Note
-------+----------+-------------------------------------------
     0 | D:1      | Einwand the Vine Stalker Skald began the quest for the Orb.
     0 | D:1      | Reached XP level 1. HP: 11/11 MP: 4/4
   136 | D:1      | Reached XP level 2. HP: 13/15 MP: 6/6
   395 | D:$      | Got out of the dungeon alive.

Vault maps used:
D:1:      lightli_arrival_statue_moat, minmay_misc_feat_plants

Skill      XL: |  1  2 |
---------------+-------+-----
Fighting       | 2 |  2.2
Polearms       | 2 |  2.2
Dodging        | 2 |  2.0
Armour         | |  0.7
Spellcasting   | |  2.1
Charms         | |  3.0

Action                   || total
-------------------------++-------
Melee: Spear             ||    49
       Bite              ||     7
  Use: Scroll            ||     1
Armor: Leather armour    ||    10
Dodge: Dodged            ||    17

Table legend:
 A = Spawn XP
 B = Non-spawn XP
 C = Spawn XP percentage of total XP
 D = Spawn monster count
 E = Non-spawn monster count
 F = Spawn count percentage of total count
 G = Total turns spent on level
                    A         B        C        D         E        F      G
               +---------+---------+-------+---------+---------+-------+---------
         Total |       0 |      29 |   0.0 |       0 |      15 |   0.0 |   395
               +---------+---------+-------+---------+---------+-------+---------
           D:1 |       0 |      29 |   0.0 |       0 |      15 |   0.0 |   395
               +---------+---------+-------+---------+---------+-------+---------
